 Dungeon Crawl Stone Soup version 0.23.2 (webtiles) character file.

Game seed: 69514760635980959

943 Moonmoth the Ruffian (level 7, 0/72 HPs)
             Began as a Troll Monk on Oct 10, 2019.
             Was a Priest of Wu Jian.
             Slain by Pikel
             ... wielding a +0 whip of freezing
              (3 damage)
             ... on level 5 of the Dungeon.
             The game lasted 00:12:58 (2852 turns).

Moonmoth the Ruffian (Troll Monk)                   Turns: 2852, Time: 00:12:58

Health: 0/72       AC:  6    Str: 22    XL:     7   Next: 88%
Magic:  6/6        EV: 12    Int:  6    God:    Wu Jian [***...]
Gold:   296        SH:  0    Dex: 12    Spells: 6/6 levels left

rFire    . . .     SeeInvis .     - Unarmed
rCold    . . .     Gourm    +   (no shield)
rNeg     . . .     Faith    .   a - +0 robe
rPois    .         Spirit   .   (helmet restricted)
rElec    .         Reflect  .   (no cloak)
rCorr    .         Harm     .   (gloves unavailable)
MR       .....                  (boots unavailable)
Stlth    ++........             (no amulet)
HPRegen  0.62/turn              (no ring)
MPRegen  0.10/turn              (no ring)

@: no status effects
A: large, unfitting armour, claws 3, fast metabolism 3, gourmand, regeneration
1, shaggy fur 1, tough skin 3
a: Wall Jump, Serpent's Lash, Renounce Religion


You were on level 5 of the Dungeon.
You worshipped Wu Jian.
Wu Jian was most pleased with you.
You were full.

You visited 1 branch of the dungeon, and saw 5 of its levels.

You collected 296 gold pieces.

Inventory:

Armour
 a - a +0 robe (worn)
Wands
 p - a wand of iceblast (12)
Scrolls
 c - a scroll of amnesia
 d - a scroll of remove curse
 g - 4 scrolls of teleportation
 h - 2 scrolls of identify {unknown}
 j - 2 scrolls of blinking {unknown}
 m - 2 scrolls of enchant armour {unknown}
Potions
 e - a potion of flight {unknown}
 f - a potion of curing
 i - a potion of resistance {unknown}
 k - a potion of heal wounds {unknown}
 l - 3 potions of degeneration {unknown}
 n - a potion of brilliance {unknown}
Comestibles
 b - 7 rations


   Skills:
 + Level 5.0 Fighting
 + Level 5.0 Dodging
 - Level 1.0 Stealth
 + Level 6.0 Unarmed Combat


You had 6 spell levels left.
You didn't know any spells.
Your spell library was empty.

Dungeon Overview and Level Annotations

Branches:
Dungeon (5/15)
 Temple: D:4-7

Altars:
Ashenzari
Cheibriados
Kikubaaqudgha
Wu Jian

Annotations:
D:5 Pikel


Innate Abilities, Weirdness & Mutations

You are too large for most types of armour.
You have claws for hands.
Your metabolism is lightning-fast.
You like to eat raw meat.
Your natural rate of healing is unusually fast.
You are covered in fur. (AC +1)
You have extremely tough skin. (AC +3)


Message History

You scratch Pikel but do no damage.
Pikel is severely wounded.
The crimson imp blinks!
Pikel closely misses you. The slave hits you.
The slave hits you but does no damage. x2
You scratch Pikel.
Pikel is severely wounded.
Pikel hits you with a +0 whip of freezing!
* * * LOW HITPOINT WARNING * * *
Pikel freezes you.
* * * LOW HITPOINT WARNING * * *
The slave barely misses you. The slave hits you.
* * * LOW HITPOINT WARNING * * *
The slave hits you.
* * * LOW HITPOINT WARNING * * *
You closely miss Pikel.
Pikel is severely wounded.
The slave hits you!
* * * LOW HITPOINT WARNING * * *
Pikel hits you with a +0 whip of freezing.
You die...

#.......#..........#....#
#######.......#..........#....#
#........######.....##...#....+
.........#...######+##...##...#
.........#...............###'##
§§.......'....................###
§#......#.......................
#......#.......................
#..†..p#...##K@p..##...##...##.
........p######ppp..##...##...##.
........p.....#.....#............
..............#.....#...........†
..............'.....#.........##.
..............#.....##........###
..............#.....##...##...##.
##.....#..........#######.
#.....#...............#..


You could see Pikel and 4 slaves.

Vanquished Creatures
  A phantom (D:4)
  A howler monkey (D:4)
  5 orc wizards
  3 orc priests
  A centaur skeleton (D:4)
  3 hounds
  An iguana (D:4)
  6 worker ants
  3 gnolls (D:3)
  A howler monkey skeleton (D:5)
  11 adders
  2 oozes
  An adder skeleton (D:4)
  A worm (D:3)
  A dart slug (D:4)
  4 leopard geckos
  19 orcs
  6 giant cockroaches
  11 goblins
  11 hobgoblins
  6 jackals
  A quokka (D:5)
  4 ball pythons
  6 bats
  5 frilled lizards
  6 kobolds
  10 rats
130 creatures vanquished.

Vanquished Creatures (others)
  An orc wizard (D:5)
1 creature vanquished.

Grand Total: 131 creatures vanquished

Notes
Turn   | Place    | Note
-------+----------+-------------------------------------------
     0 | D:1      | Moonmoth the Troll Monk began the quest for the Orb.
     0 | D:1      | Reached XP level 1. HP: 22/22 MP: 0/0
   164 | D:1      | Reached XP level 2. HP: 29/29 MP: 1/1
   267 | D:1      | Found a shattered altar of Ashenzari.
   463 | D:1      | Reached XP level 3. HP: 36/36 MP: 2/2
   811 | D:2      | Reached XP level 4. HP: 37/45 MP: 3/3
  1145 | D:2      | Found an ancient bone altar of Kikubaaqudgha.
  1149 | D:2      | Found a snail-covered altar of Cheibriados.
  1170 | D:2      | Found an ornate altar of the Wu Jian Council.
  1304 | D:2      | Became a worshipper of the Wu Jian Council
  1304 | D:2      | Reached * piety under Wu Jian
  1304 | D:2      | Reached ** piety under Wu Jian
  1406 | D:3      | Reached skill level 4 in Unarmed Combat
  1538 | D:3      | Reached XP level 5. HP: 53/53 MP: 4/4
  1928 | D:3      | Reached XP level 6. HP: 53/62 MP: 5/5
  2014 | D:4      | Reached skill level 5 in Unarmed Combat
  2034 | D:4      | Reached *** piety under Wu Jian
  2074 | D:4      | Reached XP level 7. HP: 50/70 MP: 6/6
  2083 | D:5      | Entered Level 5 of the Dungeon
  2759 | D:5      | Reached skill level 5 in Fighting
  2759 | D:5      | Reached skill level 5 in Dodging
  2759 | D:5      | Reached skill level 6 in Unarmed Combat
  2821 | D:5      | Noticed Pikel
  2852 | D:5      | HP: 3/72 [slave[Pikel] (8)]
  2852 | D:5      | Slain by Pikel

Skill      XL: |  1  2  3  4  5  6  7 |
---------------+----------------------+-----
Fighting       | 3 4 5 |  5.0
Dodging        | 3 4 5 |  5.0
Unarmed Combat | 4 5 6 |  6.0
Stealth        | |  1.0

Action                   |  1- 3 |  4- 6 |  7- 9 || total
-------------------------+-------+-------+-------++-------
Melee: Unarmed           |   124 |   143 |    93 ||   360
       Punch             |       |     4 |     2 ||     6
Invok: Lunge             |       |    15 |     2 ||    17
       Whirlwind         |       |       |    12 ||    12
  Use: Scroll            |       |       |     3 ||     3
 Stab: Sleeping          |     4 |       |     1 ||     5
  Eat: Chunk             |     9 |    16 |     3 ||    28
Armor: Robe              |    43 |    44 |    20 ||   107
Dodge: Dodged            |    82 |    60 |    54 ||   196
